 Dungeon Crawl Stone Soup version 0.18-a0-1211-g828307d (webtiles) character file.

241 Gagarin the Covered (level 6, -2/53 HPs)
             Began as a Hill Orc Fighter on Feb 2, 2016.
             Was an Initiate of Beogh.
             Slain by an ogre
             ... wielding a +0 giant spiked club
              (6 damage)
             ... on level 4 of the Dungeon.
             The game lasted 00:11:44 (2741 turns).

Gagarin the Covered (Hill Orc Fighter)              Turns: 2741, Time: 00:11:44

Health: -2/53      AC: 22    Str: 21    XL:     6   Next: 8%
Magic:  6/6        EV:  3    Int: 11    God:    Beogh [......]
Gold:   157        SH:  7    Dex: 10    Spells: 0 memorised, 5 levels left

rFire  . . .     SeeInvis .     a - +0 war axe
rCold  . . .     Gourm    .     x - +0 crystal plate armour
rNeg   . . .     Faith    +     t - +2 buckler
rPois  .         Spirit   .     d - +0 helmet {Int+3}
rElec  .         Dismiss  .     q - +0 cloak
rCorr  .         Reflect  .     g - +0 pair of gloves
SustAt .         Harm     .     z - +0 pair of boots
MR     .....                    p - amulet of faith
Stlth  ..........               (no ring)
                                (no ring)

@: not resistant to hostile enchantments, extremely unstealthy
A: no striking features
a: Renounce Religion


You were on level 4 of the Dungeon.
You worshipped Beogh.
Beogh was noncommittal.
You were hungry.

You visited 1 branch of the dungeon, and saw 4 of its levels.

You collected 157 gold pieces.

Inventory:

Hand Weapons
 a - a +0 war axe (weapon)
 u - a +3 short sword
Armour
 d - a +0 helmet of intelligence (worn)
 g - a +0 pair of gloves (worn)
 q - a +0 cloak (worn)
 s - a +0 cloak
 t - a +2 buckler (worn)
 w - a +0 chain mail
 x - a +0 crystal plate armour (worn)
 z - a +0 pair of boots (worn)
Jewellery
 p - an amulet of faith (around neck)
 r - an uncursed ring of loudness
Wands
 c - a wand of hasting (1/9)
Scrolls
 h - a scroll of recharging {unknown}
 j - 5 scrolls of identify
 l - 3 scrolls of amnesia {unknown}
 n - 3 scrolls of remove curse
 o - 3 scrolls of fog
 v - a scroll of noise {unknown}
 y - 3 scrolls of magic mapping {unknown}
 B - a scroll of enchant armour {unknown}
 C - a scroll of immolation {unknown}
 D - a scroll of blinking {unknown}
Potions
 e - 4 potions of curing {unknown}
 i - a potion of invisibility {unknown}
 k - a potion of flight {unknown}
 m - a potion of ambrosia {unknown}
 A - 2 potions of heal wounds {unknown}
 E - a potion of haste {unknown}
Comestibles
 b - 2 meat rations
 f - a bread ration
 F - 7 chunks of flesh
 G - a slice of pizza


   Skills:
 + Level 4.6 Fighting
 + Level 4.2 Axes
 + Level 4.6 Armour
 + Level 1.0 Dodging
 + Level 0.5 Stealth
 + Level 4.6 Shields


You had 5 spell levels left.
You didn't know any spells.

Dungeon Overview and Level Annotations

Branches:
Dungeon (4/15)             Temple (0/1) D:4

Altars:
Ashenzari
Makhleb
Okawaru
Sif Muna


Message History

The ogre hits you with a giant spiked club.
Your crystal plate armour prevents you from hitting the ogre.
The ogre is heavily wounded.
The ogre barely misses you.
You barely miss the ogre.
The ogre is heavily wounded.
The ogre hits you with a giant spiked club.
You slash the ogre!
The ogre is almost dead.
You block the ogre's attack.
Your crystal plate armour prevents you from hitting the ogre.
The ogre is almost dead.
The ogre hits you with a giant spiked club!!
* * * LOW HITPOINT WARNING * * *
Drink which item? (? for menu, Esc to quit)
Okay, then.
You hit the ogre but do no damage.
The ogre is almost dead.
The ogre hits you with a giant spiked club.
You die...

#........##.#
#.#.#
#.#.........#
#.#.#
#.##....#####
#.#.# # #..#.##
#.... # #.#...##
#.##.†))..#####
#........(.....
#..........#...#
#.......@O......
#.$.............
#............?..
#...............
#...............
#<.........#....
..........##.#.
...>......# ##


You could see an ogre.

Vanquished Creatures
  A centaur skeleton (D:4)
  An orc wizard (D:3)
  Ijyb (D:2)
  Robin (D:3)
  3 adders
  3 worms (D:3)
  2 giant geckos
  11 orcs
  8 bats
  A giant cockroach (D:2)
  12 goblins
  10 hobgoblins
  5 jackals
  9 kobolds
  A quokka (D:4)
  A ball python (D:1)
  2 giant newts (D:2)
  A quokka skeleton (D:4)
  11 rats
84 creatures vanquished.

Vanquished Creatures (others)
  An ogre (D:4)
1 creature vanquished.

Grand Total: 85 creatures vanquished

Notes
Turn   | Place    | Note
--------------------------------------------------------------
     0 | D:1      | Gagarin the Hill Orc Fighter began the quest for the Orb.
     0 | D:1      | Reached XP level 1. HP: 19/19 MP: 1/1
   140 | D:1      | Reached XP level 2. HP: 17/27 MP: 2/2
  1003 | D:2      | Reached skill level 4 in Fighting
  1003 | D:2      | Reached XP level 3. HP: 26/33 MP: 3/3
  1506 | D:2      | Noticed Ijyb
  1515 | D:2      | Killed Ijyb
  1515 | D:2      | Reached XP level 4. HP: 40/40 MP: 4/4
  1754 | D:3      | Noticed Robin
  1777 | D:3      | Killed Robin
  1849 | D:3      | Reached skill level 1 in Dodging
  1849 | D:3      | Reached XP level 5. HP: 46/46 MP: 5/5
  2153 | D:3      | Found a deep blue altar of Sif Muna.
  2326 | D:4      | Found a shattered altar of Ashenzari.
  2367 | D:4      | Found a staircase to the Ecumenical Temple.
  2427 | D:4      | Found a burning altar of Makhleb.
  2467 | D:4      | Found an iron altar of Okawaru.
  2717 | D:4      | Became a worshipper of Beogh the Brigand
  2719 | D:4      | Reached XP level 6. HP: 53/53 MP: 6/6
  2741 | D:4      | Slain by an ogre

Vault maps used:
D:1:      lightli_arrival_lavapool, moated_statue
D:2:      uniq_iyjb
D:3:      lemuel_crystal_altar, uniq_robin
D:4:      corexii_shack_village, lemuel_round_altar, kennysheep_mini_moat,
          overflow_temple_1_default, lemuel_temple_firewalk_marked

Action                   |  1- 3 |  4- 6 || total
-------------------------+-------+-------++-------
Melee: War axe           |   125 |   182 ||   307
Invok: Convert to Beogh  |       |     1 ||     1
  Use: Scroll            |       |     3 ||     3
       Potion            |       |     1 ||     1
  Eat: Chunk             |     2 |     4 ||     6
